 Dungeon Crawl Stone Soup version 0.29-a0-221-gceb61267dd (webtiles) character file.

Game seed: 13176454305527293839

142 Rennog the Skirmisher (level 5, -4/42 HPs)
             Began as a Djinni Fighter on Feb 26, 2022.
             Killed by divine providence
             ... invoked by an orc priest
              (13 damage)
             ... on level 3 of the Dungeon.
             The game lasted 00:03:15 (3174 turns).

Rennog the Skirmisher (Djinni Fighter)              Turns: 3174, Time: 00:03:16

Health: -4/42      AC:  6    Str: 15    XL:     5   Next: 50%
Gold:   129        EV:  9    Int: 11    God:
                   SH:  6    Dex: 13

rFire   + + .      SeeInvis .   a - +0 rapier
rCold   x . .      Faith    .   l - +2 buckler
rNeg    . . .      Spirit   .   b - +0 scale mail
rPois   ∞          Reflect  .   (no helmet)
rElec   .          Harm     .   (no cloak)
rCorr   .          Rampage  .   (no gloves)
Will    .....                   (boots unavailable)
Stlth   ..........              (no amulet)
HPRegen 0.14/turn               (no ring)
MPRegen 0.00/turn               (no ring)

@: flying
A: sickness immunity, fire resistance 2, cold vulnerability 1, float, innate
caster, HP casting, extra vitality 1
a: no special abilities


You were on level 3 of the Dungeon.
You visited 1 branch of the dungeon, and saw 3 of its levels.

You collected 129 gold pieces.

Inventory:

Hand Weapons
 a - a +0 rapier (weapon)
Armour
 b - a +0 scale mail (worn)
 l - a +2 buckler (worn)
Jewellery
 r - a +4 ring of protection
Scrolls
 c - a scroll of fear {unknown}
 f - a scroll of blinking {unknown}
 g - a scroll of amnesia {unknown}
 i - a scroll of summoning {unknown}
 k - 2 scrolls of identify {unknown}
 o - a scroll of teleportation {unknown}
 q - a scroll of enchant armour {unknown}
Potions
 d - a potion of might
 e - 3 potions of magic {unknown}
 h - 4 potions of curing {unknown}
 j - 2 potions of mutation {unknown}
 m - a potion of heal wounds {unknown}
 n - a potion of lignification {unknown}
 p - a potion of cancellation {unknown}


   Skills:
 * Level 4.5 Fighting
 - Level 1.7 Short Blades
 - Level 3.0 Armour
 + Level 2.2 Dodging
 - Level 3.0 Shields
 * Level 1.6 Spellcasting


You had 4 spell levels left.
You knew the following spells:

 Your Spells              Type           Power      Damage    Failure   Level
a - Foxfire               Conj/Fire      16%        2x1d4     61%         1
b - Static Discharge      Conj/Air       4%         N/A       75%         2
Your spell library was empty.

Dungeon Overview and Level Annotations

Branches:
Dungeon (3/15)

Altars:
Dithmenos


Innate Abilities, Weirdness & Mutations

You are immune to sickness and miasma.
You are immune to poison.
Your flesh is very heat resistant. (rF++)
You are vulnerable to cold. (rC-)
You float through the air rather than walking.
You learn spells naturally, not from books.
Your magical power is your life essence.
You have superior vitality. (+4 MHP)


Message History

You hit the orc priest.
The orc priest is almost dead.
The orc priest hits you with a +0 hand axe.
You hit the orc priest.
You kill the orc priest!
You hit the orc but do no damage. The orc hits you but does no damage.
You barely miss the orc. The orc hits you with a +0 dagger.
You hit the orc.
The orc is heavily wounded.
The orc hits you with a +0 dagger.
The orc priest casts a cantrip, but nothing happens.
You hit the orc.
The orc is severely wounded.
The orc closely misses you.
You hit the orc.
You kill the orc!
You hit the orc but do no damage. The orc hits you with a +0 hand axe.
You barely miss the orc. The orc hits you but does no damage.
The orc barely misses you.
You hit the orc but do no damage. You block the orc's attack.
You hit the orc but do no damage. The orc barely misses you.
You puncture the orc!
The orc is almost dead.
The orc hits you with a +0 hand axe.
You hit the orc.
You kill the orc!
The orc priest looks encouraged for a moment.
The orc priest mumbles some strange prayers to Beogh against you.
Beogh smites you!
* * * LOW HITPOINT WARNING * * *
Items here: ( )))) [[[[ ††.
You hit the orc priest but do no damage.
You block the orc priest's attack.
You closely miss the orc priest.
The orc priest hits you but does no damage.
You hit the orc priest.
The orc priest is lightly wounded.
The orc priest calls down the wrath of Beogh upon you.
Beogh smites you!
You die...

......o.##.#...####.#
.......o.o.......##.#
.........###o.......#
.......#.# #..##.####
#.....##.# #o##...#
##...# #.# #.o....#
##+# #.# ####...# #.#
#.#######.## #.#
#.......@o# ##.##
#########.# ##...##
#.# #.....## #.#
##...#.#########.#
####.#............#
........#.#########
####.#.#.## #.##.##


You could see an orc priest.

Vanquished Creatures
  An orc priest (D:3)
  5 adders
  2 dart slugs (D:1)
  7 orcs (D:3)
  6 endoplasms
  3 giant cockroaches
  4 goblins
  9 hobgoblins
  4 quokkas
  3 ball pythons (D:1)
  6 bats
  A kobold (D:1)
  3 rats
54 creatures vanquished.

Notes
Turn   | Place    | Note
-------+----------+-------------------------------------------
     0 | D:1      | Rennog the Djinni Fighter began the quest for the Orb.
     0 | D:1      | Reached XP level 1. HP: 20/20 MP: 0/0
     1 | D:1      | Noticed an electric eel
   452 | D:1      | Found a faded altar of an unknown god.
   468 | D:1      | Reached XP level 2. HP: 25/25 MP: 0/0
   624 | D:1      | Reached skill level 1 in Dodging
   905 | D:1      | Reached XP level 3. HP: 24/31 MP: 0/0
   905 | D:1      | Learned a level 1 spell: Foxfire
  1848 | D:2      | Found a shadowy altar of Dithmenos.
  1857 | D:2      | Reached skill level 4 in Fighting
  2032 | D:2      | Reached XP level 4. HP: 26/37 MP: 0/0
  2620 | D:3      | Reached skill level 1 in Spellcasting
  3041 | D:3      | Reached XP level 5. HP: 42/42 MP: 0/0
  3041 | D:3      | Learned a level 2 spell: Static Discharge
  3174 | D:3      | Killed from afar by an orc priest

Illustrated notes

Levels and vault maps discovered:
D:1:      arrival_aquarium_a, layout_basic,
          chequers_ecumenical_altar_simple_redux, minmay_hexomino_f4
D:2:      layout_basic, basic_altar, chequers_garden
D:3:      layout_loops_corners

Skill      XL: |  1  2  3  4 |
---------------+-------------+-----
Dodging        | 1 2 |  2.2
Fighting       | 4 |  4.5
Spellcasting   | 1 |  1.6
Short Blades   | |  1.7
Armour         | |  3.0
Shields        | |  3.0

Action                   |  1- 3 |  4- 6 || total
-------------------------+-------+-------++-------
Melee: Rapier            |   150 |   109 ||   259
Armor: Scale mail        |    54 |    38 ||    92
Dodge: Dodged            |    67 |    29 ||    96
Block: Buckler           |    39 |    34 ||    73

Table legend: (Time is in decaauts)
 A = Elapsed time spent in this place.
 B = Non-inter-level travel time spent in this place.
 C = Inter-level travel time spent in this place.
 D = Time resting spent in this place.
 E = Time spent auto-exploring this place.
 F = Levels seen in this place.
 G = Mean time per level.
                   A        B        C        D        E       F      G
               +--------+--------+--------+--------+--------+-----+--------+
         Total |   3213 |   3141 |     72 |      0 |   2663 |   3 | 1071.0 |
       Dungeon |   3213 |   3141 |     72 |      0 |   2663 |   3 | 1071.0 |
               +--------+--------+--------+--------+--------+-----+--------+

Top non-repeatable levels by time:
     D:1: 1728 daAuts
     D:2: 899 daAuts
     D:3: 585 daAuts
